Map: Forêt cybernétique EC

Players

NarRenArr

  • Race: Zerg Zerg
  • League: Diamond
  • Spawn Location: 11:00

Sorandom - Winner!

  • Race: Zerg Zerg
  • League: Diamond
  • Spawn Location: 5:00

VOD

Have the link to the VOD?

Description

Time

  • Played on: April 12, 2019, 11:58 p.m.
  • Length: 5:03
Show
View Real Time Build Order
Export as new Build Order

NarRenArr Zerg 

Build Orders: Pool First 

Get SALT Encoding   

  12  0:17  Spawning Pool  
  11  0:22  Drone  
  12  0:29  Drone  
  12  0:33  Drone  
  14  0:43  Overlord  
  14  1:11  Spine Crawler  
  13  1:16  Zergling x6  
  13  1:17  Extractor  
  15  1:20  Spine Crawler  
  16  1:26  Spine Crawler  
  16  1:27  Zergling x2  
  16  1:38  Spine Crawler  
  16  1:39  Zergling x2  
  17  1:44  Queen  
  20  2:00  Zergling x4, Extractor  
  18  2:27  Drone x2  
  18  2:28  Hatchery  
  19  2:31  Spine Crawler  
  18  2:41  Drone  
  18  2:43  Drone  
  20  2:50  Extractor  
  19  2:54  Drone  
  20  3:03  Drone x2  
  21  3:07  Overlord  
  21  3:13  Roach Warren  
  20  3:21  Drone  
  21  3:27  Zergling x2  
  21  3:28  Drone  
  23  3:35  Spine Crawler  
  22  3:54  Drone x3  
  13  4:21  Drone x2  
  15  4:24  Drone  
  15  4:27  Roach  
  15  4:31  Roach  
Show
View Real Time Build Order
Export as new Build Order

Sorandom Zerg - Winner!

Build Orders: Pool First, Zergling Baneling 

Get SALT Encoding   

  12  0:01  Drone  
  13  0:12  Overlord  
  13  0:18  Drone  
  14  0:30  Drone x2  
  16  0:37  Drone  
  16  0:41  Extractor  
  16  0:45  Drone  
  17  0:56  Spawning Pool  
  16  0:58  Drone  
  17  1:42  Zergling x4  
  17  1:44  Zergling x2  
  20  1:47  Hatchery  
  19  1:58  Spine Crawler  
  16  2:21  Zergling x6  
  19  2:31  Baneling Nest  
  18  2:37  Zergling x2  
  18  2:42  Metabolic Boost  
  19  2:50  Zergling x2  
  20  3:00  Zergling x4  
  22  3:15  Baneling x7  
  22  3:18  Zergling x2  
  23  3:25  Zergling x2  
  24  3:27  Zergling x2  
  25  3:36  Zergling x2  
  25  3:37  Zergling x2  
  27  3:53  Zergling x2  
  27  3:54  Zergling x4  
  25  3:56  Zergling x2  
  25  3:59  Baneling  
  26  4:02  Zergling x2  
  26  4:16  Zergling x2  
  26  4:17  Zergling x4  
  27  4:22  Zergling x2  
  27  4:25  Baneling  
Tags
 
Add a new tag
Caveats
  • Supply blocks, unpowered buildings, or Contaminate may cause inaccurate times.
  • Supply counts are checked every 10 seconds.